 Dungeon Crawl Stone Soup version 0.23.0-3-gf3c87f2 (webtiles) character file.

Game seed: 11998151822070590314

399 Azzok the Chopper (level 7, -2/52 HPs)
             Began as a Formicid Fighter on Feb 22, 2019.
             Slain by a worker ant (5 damage)
             ... on level 4 of the Dungeon.
             The game lasted 00:04:09 (3691 turns).

Azzok the Chopper (Formicid Fighter)                Turns: 3691, Time: 00:04:10

Health: -2/52      AC:  6    Str: 26    XL:     7   Next: 10%
Magic:  7/7        EV:  8    Int:  7    God:
Gold:   209        SH: 10    Dex: 15    Spells: 6/6 levels left

rFire    . . .     SeeInvis +   a - +0 war axe
rCold    . . .     Gourm    .   c - +0 shield
rNeg     . . .     Faith    .   b - +0 scale mail
rPois    .         Spirit   .   (helmet unavailable)
rElec    .         Reflect  .   (no cloak)
rCorr    .         Harm     .   (no gloves)
MR       .....                  (no boots)
Stlth    ..........             (no amulet)
HPRegen  0.17/turn              j - +3 ring of strength
MPRegen  0.10/turn              d - +5 ring of dexterity

@: lethally poisoned (-2 -> -5)
A: permanent stasis, dig shafts and tunnels, four strong arms, antennae 3
a: Dig, Shaft Self


You were on level 4 of the Dungeon.
You were not hungry.

You visited 1 branch of the dungeon, and saw 4 of its levels.

You collected 209 gold pieces.

Inventory:

Hand Weapons
 a - a +0 war axe (weapon)
Armour
 b - a +0 scale mail (worn)
 c - a +0 shield (worn)
Jewellery
 d - a +5 ring of dexterity (right hand)
 j - a +3 ring of strength (left hand)
Scrolls
 g - a scroll of magic mapping {unknown}
 h - 3 scrolls of identify {unknown}
 k - a scroll of random uselessness {unknown}
 m - a scroll of blinking {unknown}
 p - 2 scrolls of enchant weapon {unknown}
 q - 2 scrolls of amnesia {unknown}
 r - a scroll of teleportation {unknown}
 s - a scroll of fear {unknown}
 t - a scroll of immolation {unknown}
Potions
 e - a potion of cancellation {unknown}
 i - 2 potions of ambrosia {unknown}
 l - a potion of curing
 n - a potion of mutation {unknown}
 o - 2 potions of heal wounds {unknown}
Comestibles
 f - 6 rations


   Skills:
 - Level 3.2 Fighting
 + Level 7.1 Axes
 - Level 3.2 Armour
 - Level 3.6 Shields


You had 6 spell levels left.
You didn't know any spells.
Your spell library contained the following spells:

 Spells                   Type           Power        Failure   Level  Hunger
 Confusing Touch          Hex            #.....       98%         1    ##.....
 Confuse                  Hex            #.......     100%        3    ####...
 Gell's Gravitas          Tloc           #.........   100%        3    ####...
 Petrify                  Tmut/Erth      #.......     100%        4    #####..
 Metabolic Englaciation   Hex/Ice        #.........   100%        5    ######.
 Yara's Violent Unravell  Hex/Tmut       #.........   100%        5    ######.


Dungeon Overview and Level Annotations

Branches:
Dungeon (4/15)
 Temple: D:4-7

Altars:
Cheibriados
Dithmenos
Fedhas
Ru
Sif Muna
Trog
Xom


Innate Abilities, Weirdness & Mutations

You cannot be hasted, slowed, berserked, paralysed or teleported.
You can dig through walls and to a lower floor.
Your four strong arms can wield two-handed weapons with a shield.
You have a pair of large antennae on your head. (SInv)


Message History

The adder bites you.
* * * LOW HITPOINT WARNING * * *
You are poisoned.
The adder poisons you!
You slash the worker ant!
The worker ant is almost dead.
You barely miss the adder.
You feel sick.
A bullfrog skeleton comes into view.
The worker ant closely misses you. You block the adder's attack.
Your shield and scale mail prevent you from hitting the worker ant.
The worker ant is almost dead.
You slash the adder!
You kill the adder!
You feel sick. The worker ant bites you.
* * * LOW HITPOINT WARNING * * *
The worker ant bites you but does no damage.
You hit the worker ant but do no damage.
The worker ant is almost dead.
The worker ant bites you.
You die...

·· ·· ▒ ▒·▒ ·? ▒▒▒ ·· ▒·
▒·· ▒Z▒▒▒· ▒·▒ ▒···· ▒·▒
▒▒▒▒▒▒···▒ ▒▒▒··
······a··▒ ▒·▒ ▒····
······†@·▒▒▒▒ ▒·· ▒····
············▒▒·· ▒··▒▒
·······†▒▒▒·▒··▒▒▒▒▒··▒▒
····_···▒ ▒·▒···········
··_···_·▒ ▒·▒··········<
········· ▒·············
·_··8··_· ▒▒·····(······
········· ▒·▒··········
··_·····▒▒▒▒············


You could see a worker ant and a bullfrog skeleton.

Vanquished Creatures
  A scorpion (D:4)
  A howler monkey (D:4)
  An orc priest (D:3)
  2 orc wizards (D:3)
  A worker ant (D:4)
  7 adders
  3 oozes
  4 worms (D:3)
  A dart slug (D:2)
  4 leopard geckos
  13 orcs (D:3)
  A ball python (D:3)
  10 bats
  3 giant cockroaches
  8 goblins
  14 hobgoblins
  7 jackals (D:3)
  3 kobolds
  3 quokkas
  4 frilled lizards
  15 rats
106 creatures vanquished.

Notes
Turn   | Place    | Note
-------+----------+-------------------------------------------
     0 | D:1      | Azzok the Formicid Fighter began the quest for the Orb.
     0 | D:1      | Reached XP level 1. HP: 18/18 MP: 1/1
    80 | D:1      | Reached XP level 2. HP: 24/24 MP: 2/2
   209 | D:1      | Reached skill level 3 in Axes
   281 | D:1      | Reached XP level 3. HP: 29/29 MP: 3/3
   962 | D:2      | Found a faded altar of an unknown god.
  1046 | D:2      | Reached skill level 4 in Axes
  1046 | D:2      | Reached XP level 4. HP: 35/35 MP: 4/4
  1759 | D:3      | Reached XP level 5. HP: 40/41 MP: 5/5
  1794 | D:3      | Reached skill level 5 in Axes
  2453 | D:3      | Reached XP level 6. HP: 22/47 MP: 6/6
  2455 | D:3      | Reached skill level 6 in Axes
  3651 | D:4      | Found a sacrificial altar of Ru.
  3664 | D:4      | Found a bloodstained altar of Trog.
  3665 | D:4      | Found a blossoming altar of Fedhas.
  3666 | D:4      | Found a snail-covered altar of Cheibriados.
  3666 | D:4      | Found a shimmering altar of Xom.
  3666 | D:4      | Found a shadowy altar of Dithmenos.
  3666 | D:4      | Found a deep blue altar of Sif Muna.
  3677 | D:4      | Reached skill level 7 in Axes
  3677 | D:4      | Reached XP level 7. HP: 26/52 MP: 7/7
  3691 | D:4      | Slain by a worker ant

Skill      XL: |  1  2  3  4  5  6 |
---------------+-------------------+-----
Axes           | 3 4 5 7 |  7.1
Fighting       | |  3.2
Armour         | |  3.2
Shields        | |  3.6

Action                   |  1- 3 |  4- 6 |  7- 9 || total
-------------------------+-------+-------+-------++-------
Melee: War axe           |    95 |   190 |    12 ||   297
  Use: Potion            |       |     2 |     1 ||     3
  Eat: Chunk             |     1 |     6 |       ||     7
       Ration            |       |     1 |       ||     1
Armor: Scale mail        |    31 |    62 |     4 ||    97
Dodge: Dodged            |    41 |    74 |     9 ||   124
Block: Shield            |    62 |   112 |    10 ||   184
